 Dungeon Crawl Stone Soup version 0.31.0-32-g396128a36d (webtiles) character file.

Game seed: 18088753211220168070

1988 gohu the Thaumaturge (level 9, 0/55 HPs)
             Began as a Djinni Fire Elementalist on Mar 14, 2024.
             Killed from afar by a white imp (16 damage)
             ... with a puff of frost
             ... summoned by Eustachio
             ... on level 6 of the Dungeon.
             The game lasted 00:10:13 (5560 turns).

gohu the Thaumaturge (Djinni Fire Elementalist)     Turns: 5560, Time: 00:10:13

Health: 0/55       AC:  3    Str:  7    XL:     9   Next: 44%
Gold:   315        EV: 17    Int: 21    God:
                   SH:  0    Dex: 14

rFire   + + .        r - +3 dagger (holy)
rCold   x . .        (no shield)
rNeg    . . .        a - +0 robe
rPois   ∞            m - +0 helmet
rElec   .            (no cloak)
rCorr   .            (no gloves)
SInv    .            (boots unavailable)
Will    .....        (no amulet)
Stlth   ++           g - +5 ring of evasion
HPRegen 0.29/turn    (no ring)
MPRegen 0.00/turn

%: infuse magic (-1 HP)
@: flying
A: sickness immunity, fire resistance 2, cold vulnerability 1, float, innate
caster, HP casting, extra vitality 1
a: no special abilities


You were on level 6 of the Dungeon.
You visited 1 branch of the dungeon, and saw 6 of its levels.

You collected 315 gold pieces.

Inventory:

Hand Weapons
 r - a +3 dagger of holy wrath (weapon)
Missiles
 f - 2 throwing nets
Armour
 a - a +0 robe (worn)
 m - a +0 helmet (worn)
 n - a +0 tower shield
Jewellery
 g - a +5 ring of evasion (left hand)
Wands
 p - a wand of acid (10)
 q - a wand of polymorph (8)
Scrolls
 b - 2 scrolls of blinking {unknown}
 e - 5 scrolls of identify {unknown}
 j - a scroll of teleportation {unknown}
 s - a scroll of poison {unknown}
Potions
 c - a potion of degeneration {unknown}
 d - 2 potions of attraction {unknown}
 h - a potion of curing {unknown}
 i - 2 potions of haste {unknown}
 k - a potion of enlightenment {unknown}
 l - 2 potions of brilliance {unknown}
 o - a potion of ambrosia {unknown}
 t - a potion of heal wounds {unknown}


   Skills:
 - Level 2.1 Dodging
 - Level 1.5 Stealth
 * Level 9.8 Spellcasting
 * Level 9.8 Conjurations
 * Level 9.8 Hexes
   Level 0.0 Charms
 * Level 9.8 Summonings
 * Level 9.8 Necromancy
 * Level 9.8 Translocations
   Level 0.0 Transmutations
 * Level 9.8 Fire Magic
 * Level 9.8 Ice Magic
 * Level 9.8 Air Magic
 * Level 9.8 Earth Magic
 * Level 9.8 Alchemy


You knew the following spells:

 Your Spells              Type           Power      Damage    Failure   Level
a - Foxfire               Conj/Fire      100%       2x1d9     1%          1
b - Scorch                Fire           100%       2d9       1%          2
c - Flame Wave            Conj/Fire      51%        2d13      1%          4
d - Passage of Golubria   Tloc           51%        N/A       1%          4
e - Volatile Blastmotes   Fire/Tloc      100%       2d18      1%          3
f - Apportation           Tloc           100%       N/A       1%          1
g - Momentum Strike       Conj/Tloc      100%       3d10      1%          2
h - Static Discharge      Conj/Air       100%       3-8/arc   1%          2
i - Inner Flame           Hex/Fire       51%        N/A       1%          3
Your spell library was empty.

Dungeon Overview and Level Annotations

Branches:
Dungeon (6/15)
 Temple: D:4-7

Altars:
Dithmenos
Fedhas
Okawaru
Qazlal
Xom

Shops:
D:5 *

Annotations:
D:3 2 transporters, diceflayer's ghost, amateur DsGl
D:6 Eustachio


Innate Abilities, Weirdness & Mutations

You are immune to sickness and miasma.
You are immune to poison.
Your flesh is very heat resistant. (rF++)
You are vulnerable to cold. (rC-)
You float through the air rather than walking.
You learn spells naturally, not from books.
Your magical power is your life essence.
You have superior vitality. (+4 MHP)


Message History

The foxfire hits the scorpion.
The scorpion is lightly wounded.
The foxfire hits the scorpion but does no damage.
The scorpion is lightly wounded.
Casting: Foxfire (safe; 1% risk of failure)
Confirm with . or Enter, or press ? or * to list all spells.
Casting: Flame Wave (dangerous; 1% risk of failure)
Press: ? - help, Dir - look around, f - activate A wave of flame ripples out!
The flame wave engulfs the scorpion!!
You kill the scorpion! (Press . to intensify the flame waves.)
* * * LOW HITPOINT WARNING * * *
Eustachio the Magnificent comes into view.
He is wielding a +0 rapier.
You see here a black bear corpse.
A kobold brigand comes into view.
It is wielding a +0 short sword and quivering curare-tipped darts.
A kobold comes into view. It is wielding a +0 whip.
A kobold comes into view. It is wielding a +0 club.
The kobold shouts!
You hear a shout!
A kobold comes into view. It is wielding a +0 short sword.
The kobold shouts!
Eustachio gestures wildly while chanting.
Eustachio mumbles some strange words.
The bat barely misses you. The bat attacks as it pursues you!
The bat misses you. x2
The bat closely misses you. x2
Eustachio mumbles some strange words.
The bat barely misses you. The bat attacks as it pursues you!
The bat closely misses you. The bat barely misses you.
Things that are here:
a +3 dagger; a +0 robe; an orc corpse The bat misses you.
Eustachio screams, "At last I'll have my revenge!"
Eustachio mumbles some strange words.
You see here a +0 whip.
The bat attacks as it pursues you! The bat misses you. The bat hits you.
* * * LOW HITPOINT WARNING * * *
The white imp gestures at you. The puff of frost hits you!
You feel a terrible chill!
You die...

#...#####........:..... #...
#...........### .# #..
#..#..#.##..### .# ##.
#.......##..... .#
#.##.....#..#.# . #####
#.######.###.#..#..#.# . #...#
#........))........... # #.#.#
#####)#.#.##.......###
####.#.#########@#.#.########....
b.....5.@55...))b#.#.# #####
####.r#####.#......#.# ##....#
#...######.##### ##.##.# ##.##
#......# †.....# ###.### #..###.#
##.#### #.....# #......# #.#
#.....# #.#.##.# #.# #.....#
#.#.##.#


You could see a white imp (summoned), a shadow imp (summoned) and a bat
(summoned).

Vanquished Creatures
  Pikel (D:5)
  A sky beast (D:5)
  3 black bears
  A lemure (D:5)
  A kobold brigand (D:6)
  3 scorpions
  A burial acolyte (D:5)
  3 bombardier beetles
  A hound (D:4)
  2 jellies (D:6)
  3 sleepcaps
  An orc priest (D:6)
  2 iguanas
  Jessica (D:3)
  Ijyb (D:5)
  3 orc wizards
  Natasha (twice) (D:3)
  3 hound zombies (D:5)
  6 gnolls
  8 adders
  2 shadow imps (D:5)
  2 white imps (D:6)
  2 ufetubi (D:6)
  2 dart slugs
  11 orcs
  6 endoplasms
  5 giant cockroaches
  7 goblins
  5 hobgoblins
  6 quokkas
  11 ball pythons
  4 bats
  A gnoll zombie (D:5)
  12 kobolds
  3 kobold zombies (D:5)
  6 rats
132 creatures vanquished.

Vanquished Creatures (others)
  227 foxfires
227 creatures vanquished.

Grand Total: 359 creatures vanquished

Notes
Turn   | Place    | Note
-------+----------+-------------------------------------------
     0 | D:1      | gohu the Djinni Fire Elementalist began the quest for the
                  | Orb.
     0 | D:1      | gohu set off with the following spells memorised: Foxfire,
                  | Scorch, Volatile Blastmotes, Inner Flame, Flame Wave.
     0 | D:1      | Reached XP level 1. HP: 15/15 MP: 0/0
   167 | D:1      | Reached XP level 2. HP: 20/21 MP: 0/0
   308 | D:1      | Found a faded altar of an unknown god.
   888 | D:2      | Reached XP level 3. HP: 20/25 MP: 0/0
   888 | D:2      | Learned a level 1 spell: Apportation
  1000 | D:2      | Reached XP level 4. HP: 30/31 MP: 0/0
  1053 | D:2      | Identified the +0 robe of Reem {Dex+4}
  1649 | D:3      | Noticed Jessica
  1651 | D:3      | Killed Jessica
  1652 | D:3      | Reached XP level 5. HP: 35/35 MP: 0/0
  1652 | D:3      | Learned a level 2 spell: Momentum Strike
  1676 | D:3      | Identified the +1 robe of the Game Afoot {rElec Str+3
                  | Int+2}
  1696 | D:3      | Found a shadowy altar of Dithmenos.
  1767 | D:3      | Noticed Natasha
  1773 | D:3      | Killed Natasha
  1785 | D:3      | Noticed Natasha
  1793 | D:3      | Killed Natasha
  1794 | D:3      | Reached skill level 5 in Spellcasting
  1794 | D:3      | Reached skill level 5 in Conjurations
  1794 | D:3      | Reached skill level 5 in Hexes
  1794 | D:3      | Reached skill level 5 in Summonings
  1794 | D:3      | Reached skill level 5 in Necromancy
  1794 | D:3      | Reached skill level 5 in Translocations
  1794 | D:3      | Reached skill level 5 in Fire Magic
  1794 | D:3      | Reached skill level 5 in Ice Magic
  1794 | D:3      | Reached skill level 5 in Air Magic
  1794 | D:3      | Reached skill level 5 in Earth Magic
  1794 | D:3      | Reached skill level 5 in Alchemy
  2024 | D:3      | Found a transporter.
  2026 | D:3      | Noticed diceflayer's ghost (amateur DsGl)
  2066 | D:3      | Found a transporter.
  2503 | D:4      | Found a blossoming altar of Fedhas.
  2535 | D:4      | Reached XP level 6. HP: 36/40 MP: 0/0
  2689 | D:4      | Noticed a black bear
  2702 | D:4      | Killed a black bear
  2814 | D:4      | Reached XP level 7. HP: 36/45 MP: 0/0
  2814 | D:4      | Learned a level 2 spell: Static Discharge
  3385 | D:4      | Found an iron altar of Okawaru.
  3567 | D:5      | Entered Level 5 of the Dungeon
  3588 | D:5      | Noticed Ijyb
  3601 | D:5      | Killed Ijyb
  4014 | D:5      | Noticed Pikel
  4037 | D:5      | Killed Pikel
  4038 | D:5      | Reached XP level 8. HP: 34/50 MP: 0/0
  4680 | D:5      | Reached XP level 9. HP: 44/55 MP: 0/0
  4680 | D:5      | Learned a level 4 spell: Passage of Golubria
  4777 | D:5      | Found Himamipp's Lightly-Used Armoury.
  4859 | D:5      | Found a stormy altar of Qazlal.
  4938 | D:5      | Found a shimmering altar of Xom.
  5540 | D:6      | Noticed Eustachio
  5560 | D:6      | Killed from afar by a white imp

Illustrated notes

Levels and vault maps discovered:
D:1:      reono_arrival_mine, layout_loops_ring, shapermc_ecumenical_altar_venn,
          minivault_25, minmay_misc_feat_room, nicolae_houndstooth_variations
D:2:      layout_basic
D:3:      layout_basic, mainiacjoe_overflow_catwalk, gammafunk_ghost_stat_death,
          uniq_natasha, uniq_jessica
D:4:      cheibrodos_old_hovel, layout_loops_corners, overflow_temple_1_default,
          fedhas_ov_isle_minmay
D:5:      layout_loops_ring, xom_teletrap_fun,
          regret_index_kikubaaqudgha_part_by_part, lemuel_crystal_altar,
          lemuel_doored_altar, minmay_shop_damaged, dk_noncrumbling_3,
          uniq_pikel, uniq_ijyb
D:6:      layout_loops_cross, serial_shops, nicolae_shop_tiny_waterfront,
          uniq_eustachio

Skill      XL: |  1  2  3  4  5  6  7  8  9 |
---------------+----------------------------+-----
Spellcasting   | 4 5 6 8 9 |  9.8
Conjurations   | 4 5 6 8 9 |  9.8
Hexes          | 4 5 6 8 9 |  9.8
Summonings     | 4 5 6 8 9 |  9.8
Necromancy     | 4 5 6 8 9 |  9.8
Translocations | 4 5 6 8 9 |  9.8
Fire Magic     | 4 5 6 8 9 |  9.8
Ice Magic      | 4 5 6 8 9 |  9.8
Air Magic      | 4 5 6 8 9 |  9.8
Earth Magic    | 4 5 6 8 9 |  9.8
Alchemy        | 4 5 6 8 9 |  9.8
Dodging        | |  2.1
Stealth        | |  1.5

Action                     |  1- 3 |  4- 6 |  7- 9 || total
---------------------------+-------+-------+-------++-------
   Cast: Foxfire           |    31 |    51 |    52 ||   134
         Scorch            |    10 |    30 |    43 ||    83
         Volatile Blastmot |       |     3 |    23 ||    26
         Flame Wave        |       |       |    13 ||    13
 Armour: Robe              |     3 |    14 |    43 ||    60
         Skin              |       |       |     7 ||     7
  Dodge: Dodged            |    10 |    14 |    42 ||    66
